AoeStats
← hi_joel

Arabia

510239223Analyzed
1v1 RM · 2d ago on Sep 30, 2026· 33m 49s· 2 players
Game mode
Random Map
Map size
Tiny (2 player)
Population
200
Speed
Normal
Resources
Standard
Victory
Conquest
Starting age
Dark Age
Ending age
Imperial Age
RankedLock teamsTeams togetherTeam positionsShared explorationLock speedFull tech treeHidden civsTurbo modeCheats
Victory
Defeat
🇺🇸 Danes · United States
1145
+17
🇬🇹 Cumans · Guatemala
1156
-17
TamerCaribou922
6:24 Loom
9:39 Feudal Age
9:40 Man-at-Arms
18:19 Double-Bit Axe
20:11 Fletching
24:27 Castle Age
24:22 Gold Mining
24:15 Horse Collar
25:57 Squires
26:35 Scale Mail Armor
26:46 Forging
27:45 Chain Mail Armor
hi_joel
7:51 Loom
10:04 Feudal Age
15:30 Fletching
21:52 Castle Age
20:18 Double-Bit Axe
20:30 Horse Collar
22:56 Scale Barding Armor
23:03 Forging
22:50 Bodkin Arrow
22:22 Elite Skirmisher
27:08 Bow Saw
27:29 Padded Archer Armor
30:34 Leather Archer Armor
30:30 Heavy Plow
30:56 Gold Mining
30:57 Stone Mining
31:16 Town Watch
32:22 Wheelbarrow
32:20 Bloodlines
33:18 Forging
Connection lost

Rejoining the realm…

Still unreachable

The connection could not be restored.

Session expired

The server has moved on; the page needs a fresh start.